Icehogs vs Wranglers
Created - May 24, 2024 at 19:32
Goals
|
| Icehogs |
0 |
1 |
1 |
2 |
| Wranglers |
3 |
1 |
0 |
4 |
|
Shots
|
| Icehogs |
6 |
12 |
11 |
29 |
| Wranglers |
9 |
13 |
11 |
33 |
|
1st period
1. Wranglers , Evgeny Svechnikov 10 (Peter Cehlarik 12, Rasmus Andersson 8) at 3:10 (PP)
2. Wranglers , Peter Cehlarik 6 (Evgeny Svechnikov 4, Nico Sturm 9) at 10:55 (PP)
3. Wranglers , Nico Sturm 7 (Peter Cehlarik 13, Evgeny Svechnikov 5) at 11:09
Penalties :
Mike Reilly (Roc) for Holding (Minor) at 2:57, Hudson Fasching (Roc) for Tripping (Minor) at 7:04, Duncan Siemens (Roc) for Hooking (Minor) at 10:38, Frank Corrado (Cal) for Hooking (Minor) at 11:19, Vitali Kravtsov (Cal) for Tripping (Minor) at 15:59
2nd period
4. Icehogs , Dave Bolland 4 (Hudson Fasching 6, Myles Bell 5) at 0:26
5. Wranglers , Erik Brannstrom 1 (Ryan Spooner 2, Petteri Lindbohm 5) at 16:34
Penalties :
Nikita Scherbak (Roc) for Roughing (Minor) at 19:41
3rd period
6. Icehogs , Jesse Puljujarvi 8 (Duncan Siemens 2, Andrew Poturalski 2) at 9:12
Penalties :
Hudson Fasching (Roc) for Hooking (Minor) at 5:00, Patrick Sieloff (Roc) for Hooking (Minor) at 9:27, Taylor Raddysh (Cal) for Tripping (Minor) at 16:25
Goalie Stats
Mackenzie Blackwood (Roc), 29 saves from 33 shots - (0.879), L, 6-2-0, 60:00 minutes
Michael Hutchinson (Cal), 27 saves from 29 shots - (0.931), W, 6-2-0, 60:00 minutes
Players Stats for Icehogs
Player Name G A P +/- PIM S H SB GA TA FO MP PP MP PK MP
------------------------------------------------------------------------------------
Andrew Poturalski 0 1 1 -1 0 2 2 0 0 0 2/4 10:09 0:00 0:00
Calle Andersson 0 0 0 -1 0 0 0 1 0 0 0/0 20:11 2:20 4:13
Dave Bolland 1 0 1 1 0 2 1 1 0 1 4/10 15:03 2:25 0:34
Dillon Dube 0 0 0 0 0 1 2 0 0 0 9/18 18:37 3:23 0:00
Duncan Siemens 0 1 1 -1 2 1 3 1 0 0 0/0 20:14 2:20 4:17
Hudson Fasching 0 1 1 1 4 2 1 0 0 0 0/1 16:17 2:25 1:07
J.T. Brown 0 0 0 -1 0 4 0 0 0 0 0/1 13:48 0:09 2:42
Jeremy Davies 0 0 0 0 0 1 0 0 0 0 0/0 13:35 0:00 0:14
Jesse Puljujarvi 1 0 1 0 0 3 0 0 1 0 0/5 23:35 3:23 4:58
Kurtis Gabriel 0 0 0 0 0 3 0 0 0 0 0/0 9:27 0:00 1:47
Maxim Letunov 0 0 0 0 0 0 0 1 0 1 2/5 7:30 0:09 0:00
Michael Rasmussen 0 0 0 -1 0 0 0 0 0 0 1/1 11:34 0:09 0:46
Mike Reilly 0 0 0 1 2 1 0 2 0 2 0/0 26:12 3:37 3:58
Mikhail Grigorenko 0 0 0 0 0 4 0 0 1 0 7/11 23:35 3:23 4:58
Myles Bell 0 1 1 1 0 1 0 0 0 0 0/1 14:22 2:25 0:00
Nikita Scherbak 0 0 0 0 2 0 0 0 0 0 0/0 7:28 0:00 0:00
Patrick Sieloff 0 0 0 1 2 4 0 0 2 0 0/0 25:17 3:37 2:57
Zach Whitecloud 0 0 0 0 0 0 1 0 0 1 0/0 14:34 0:00 1:13
Players Stats for Wranglers
Player Name G A P +/- PIM S H SB GA TA FO MP PP MP PK MP
------------------------------------------------------------------------------------
Brandon Hickey 0 0 0 0 0 1 2 1 0 0 0/0 16:33 3:24 1:48
Christian Jaros 0 0 0 0 0 0 0 0 0 0 0/0 14:09 3:24 0:15
Dominik Masin 0 0 0 1 0 2 0 1 0 0 0/0 18:20 0:00 1:46
Eric Karlsson 0 0 0 0 0 6 1 0 0 0 0/0 13:23 0:19 2:30
Erik Brannstrom 1 0 1 -1 0 4 1 1 2 0 0/0 15:56 3:32 0:00
Evgeny Svechnikov 1 2 3 1 0 3 3 0 1 1 2/6 22:48 4:35 3:03
Frank Corrado 0 0 0 -1 2 1 2 4 0 1 0/0 25:31 5:02 2:24
Jesper Bratt 0 0 0 -1 0 3 1 0 1 0 1/1 16:04 3:32 0:12
Nico Sturm 1 1 2 1 0 1 1 0 0 0 14/26 21:18 4:35 1:16
Peter Cehlarik 1 2 3 1 0 3 1 0 0 0 1/1 22:44 4:35 2:59
Petteri Lindbohm 0 1 1 1 0 1 0 0 1 0 0/0 18:46 0:00 2:12
Rasmus Andersson 0 1 1 -1 0 5 1 4 0 0 0/0 26:39 5:02 3:29
Ryan Donato 0 0 0 0 0 0 2 2 0 0 6/10 11:13 0:19 0:18
Ryan Spooner 0 1 1 -1 0 0 1 0 0 1 6/11 17:25 3:32 1:20
Tage Thompson 0 0 0 0 0 0 0 0 0 1 0/0 7:24 0:00 0:00
Taylor Raddysh 0 0 0 0 2 3 0 0 0 0 0/0 10:33 0:19 0:00
Vitali Kravtsov 0 0 0 0 2 0 3 0 0 0 0/0 7:50 0:00 0:16
Vladislav Kamenev 0 0 0 0 0 0 0 0 0 0 2/2 7:24 0:00 0:00
3 Stars
1 - Evgeny Svechnikov (Cal)
2 - Peter Cehlarik (Cal)
3 - Nico Sturm (Cal)
Power Play
Icehogs - 0 on 3 Attempt(s) - 0.00%
Wranglers - 2 on 6 Attempt(s) - 33.33%
Penalty Kill
Icehogs - 4 on 6 Attempt(s) - 66.67%
- Score 0 goal in Penalty Kill
Wranglers - 3 on 3 Attempt(s) - 100.00%
- Score 0 goal in Penalty Kill
Team Stat
Icehogs - Hits : 10 - Faceoff Wins : 25 - Blocked Shots : 6 - Penalty Minutes : 12
Wranglers - Hits : 19 - Faceoff Wins : 32 - Blocked Shots : 13 - Penalty Minutes : 6
Official
Referees : TJ Luxmore and Brad Meier
Linesman : David Brisebois and Travis Gawryletz
Game Notes
No Game Note
Finance
Level 1 -- Attendance: 2000 (100.00%) -- Ticket Income $140,000
Level 2 -- Attendance: 1000 (100.00%) -- Ticket Income $40,000
Total Attendance: 3000 (100.00%)
Total Ticket Income: $180,000
Other Income: $9,000
Total Income: $189,000
Icehogs
5 vs 5 Forward
Center Left Wing Right Wing Time % Phy DF OF
1 Dillon Dube Mikhail Grigorenko Jesse Puljujarvi 40 1 2 2
2 Dave Bolland Myles Bell Hudson Fasching 30 1 2 2
3 Andrew Poturalski Michael Rasmussen J.T. Brown 20 1 2 2
4 Maxim Letunov Nikita Scherbak Kurtis Gabriel 10 1 2 2
5 vs 5 Defense
Defense Defense Time % Phy DF OF
1 Patrick Sieloff Mike Reilly 40 1 2 2
2 Duncan Siemens Calle Andersson 30 1 2 2
3 Jeremy Davies Zach Whitecloud 20 1 2 2
4 Patrick Sieloff Mike Reilly 10 1 2 2
PowerPlay Forward
Center Left Wing Right Wing Time % Phy DF OF
1 Dillon Dube Mikhail Grigorenko Jesse Puljujarvi 60 1 2 2
2 Dave Bolland Myles Bell Hudson Fasching 40 1 2 2
PowerPlay Defense
Defense Defense Time % Phy DF OF
1 Patrick Sieloff Mike Reilly 60 1 2 2
2 Duncan Siemens Calle Andersson 40 1 2 2
Penalty Kill 4 Players Forward
Center Wing Time % Phy DF OF
1 Mikhail Grigorenko Jesse Puljujarvi 60 1 2 2
2 Hudson Fasching J.T. Brown 40 1 2 2
Penalty Kill 4 Players Defense
Defense Defense Time % Phy DF OF
1 Patrick Sieloff Mike Reilly 60 1 2 2
2 Duncan Siemens Calle Andersson 40 1 2 2
Penalty Kill - 3 Players Forward
Forward Time % Phy DF OF
1 Mikhail Grigorenko 60 1 2 2
2 Jesse Puljujarvi 40 1 2 2
Penalty Kill - 3 Players Defense
Defense Defense Time % Phy DF OF
1 Patrick Sieloff Mike Reilly 60 1 2 2
2 Duncan Siemens Calle Andersson 40 1 2 2
4 vs 4 Forward
Center Wing Time % Phy DF OF
1 Mikhail Grigorenko Jesse Puljujarvi 60 1 2 2
2 Hudson Fasching J.T. Brown 40 1 2 2
4 vs 4 Defense
Defense Defense Time % Phy DF OF
1 Patrick Sieloff Mike Reilly 60 1 2 2
2 Duncan Siemens Calle Andersson 40 1 2 2
Last Minutes Offensive
Center Left Wing Right Wing Defense Defense
Dillon Dube Mikhail Grigorenko Jesse Puljujarvi Patrick Sieloff Mike Reilly
Last Minutes Defensive
Center Left Wing Right Wing Defense Defense
Dillon Dube Mikhail Grigorenko Jesse Puljujarvi Patrick Sieloff Mike Reilly
Goaltenders
Starting : Mackenzie Blackwood
Backup : Oscar Dansk
Extra Forwards
Normal : Hudson Fasching, Jesse Puljujarvi, Kurtis Gabriel - PP : Mikhail Grigorenko, Hudson Fasching - PK : Kurtis Gabriel
Extra Defensemen
Normal : Jeremy Davies, Zach Whitecloud, Duncan Siemens - PP : Jeremy Davies - PK : Zach Whitecloud, Duncan Siemens
Penalty Shots
Mikhail Grigorenko, Jesse Puljujarvi, Hudson Fasching, J.T. Brown, Kurtis Gabriel
Custom OT Lines Forwards
Mikhail Grigorenko, Jesse Puljujarvi, Hudson Fasching, J.T. Brown, Kurtis Gabriel, Myles Bell, Dillon Dube, Andrew Poturalski, Nikita Scherbak, Michael Rasmussen
Custom OT Lines Defensemen
Patrick Sieloff, Mike Reilly, Duncan Siemens, Calle Andersson, Jeremy Davies
Scratches
Clark Bishop (Healthy), Kristian Reichel (Healthy), JJ. Piccinich (Healthy), Julius Honka (Broken Right Foot Toe Injury), Patrick Russell (Healthy)
Declan Chisholm (Healthy), Ross Johnston (Healthy), Thomas DiPauli (Healthy), Jackson Cates (Healthy), Mitchell Chaffee (Healthy)
Gabriel Fortier (Healthy), Petr Kvaca (Healthy)
Wranglers
5 vs 5 Forward
Center Left Wing Right Wing Time % Phy DF OF
1 Nico Sturm Peter Cehlarik Evgeny Svechnikov 40 1 2 2
2 Ryan Spooner Jesper Bratt Erik Brannstrom 30 1 2 2
3 Ryan Donato Eric Karlsson Taylor Raddysh 20 1 2 2
4 Vladislav Kamenev Vitali Kravtsov Tage Thompson 10 1 2 2
5 vs 5 Defense
Defense Defense Time % Phy DF OF
1 Rasmus Andersson Frank Corrado 40 1 2 2
2 Petteri Lindbohm Dominik Masin 30 1 2 2
3 Brandon Hickey Christian Jaros 20 1 2 2
4 Petteri Lindbohm Dominik Masin 10 1 2 2
PowerPlay Forward
Center Left Wing Right Wing Time % Phy DF OF
1 Nico Sturm Peter Cehlarik Evgeny Svechnikov 60 1 2 2
2 Ryan Spooner Jesper Bratt Erik Brannstrom 40 1 2 2
PowerPlay Defense
Defense Defense Time % Phy DF OF
1 Rasmus Andersson Frank Corrado 60 1 2 2
2 Brandon Hickey Christian Jaros 40 1 2 2
Penalty Kill 4 Players Forward
Center Wing Time % Phy DF OF
1 Evgeny Svechnikov Peter Cehlarik 60 1 2 2
2 Nico Sturm Eric Karlsson 40 1 2 2
Penalty Kill 4 Players Defense
Defense Defense Time % Phy DF OF
1 Rasmus Andersson Frank Corrado 60 1 2 2
2 Petteri Lindbohm Dominik Masin 40 1 2 2
Penalty Kill - 3 Players Forward
Forward Time % Phy DF OF
1 Evgeny Svechnikov 60 1 2 2
2 Peter Cehlarik 40 1 2 2
Penalty Kill - 3 Players Defense
Defense Defense Time % Phy DF OF
1 Rasmus Andersson Frank Corrado 60 1 2 2
2 Petteri Lindbohm Dominik Masin 40 1 2 2
4 vs 4 Forward
Center Wing Time % Phy DF OF
1 Evgeny Svechnikov Peter Cehlarik 60 1 2 2
2 Nico Sturm Eric Karlsson 40 1 2 2
4 vs 4 Defense
Defense Defense Time % Phy DF OF
1 Rasmus Andersson Frank Corrado 60 1 2 2
2 Brandon Hickey Erik Brannstrom 40 1 2 2
Last Minutes Offensive
Center Left Wing Right Wing Defense Defense
Nico Sturm Peter Cehlarik Evgeny Svechnikov Rasmus Andersson Frank Corrado
Last Minutes Defensive
Center Left Wing Right Wing Defense Defense
Nico Sturm Peter Cehlarik Evgeny Svechnikov Rasmus Andersson Frank Corrado
Goaltenders
Starting : Michael Hutchinson
Backup : Vitek Vanecek
Extra Forwards
Normal : Ryan Spooner, Peter Cehlarik, Nico Sturm - PP : Jesper Bratt, Evgeny Svechnikov - PK : Ryan Spooner
Extra Defensemen
Normal : Brandon Hickey, Erik Brannstrom, Petteri Lindbohm - PP : Erik Brannstrom - PK : Petteri Lindbohm, Dominik Masin
Penalty Shots
Evgeny Svechnikov, Peter Cehlarik, Jesper Bratt, Nico Sturm, Vitali Kravtsov
Custom OT Lines Forwards
Evgeny Svechnikov, Peter Cehlarik, Vitali Kravtsov, Nico Sturm, Jesper Bratt, Ryan Spooner, Eric Karlsson, Ryan Donato, Taylor Raddysh, Vladislav Kamenev
Custom OT Lines Defensemen
Rasmus Andersson, Frank Corrado, Petteri Lindbohm, Erik Brannstrom, Brandon Hickey
Scratches
Barclay Goodrow (Right Foot Injury), Filip Hallander (Healthy), Skyler Brind'Amour (Healthy), John Gilmour (Healthy), Darren Raddysh (Healthy)
Tim Berni (Healthy), Ivan Chekhovich (Healthy), Trevor Carrick (Healthy), Radim Zohorna (Healthy), Demetrios Koumontzis (Healthy)
Joel Hofer (Healthy), Collin Delia (Healthy)
% Time on Ice - Icehogs
Lines # - Real PCT - Wanted PCT - Time Play
Normal Forward
1 - 35% - 40% - 16:02
2 - 27% - 30% - 12:16
3 - 22% - 20% - 10:09
4 - 16% - 10% - 7:10
Normal Defense
1 - 39% - 40% - 17:45
2 - 30% - 30% - 13:38
3 - 29% - 20% - 13:07
4 - 2% - 10% - 1:07
PP Forward
1 - 59% - 60% - 3:32
2 - 41% - 40% - 2:25
PP Defense
1 - 61% - 60% - 3:37
2 - 39% - 40% - 2:20
PK Forward
1 - 68% - 60% - 5:44
2 - 32% - 40% - 2:42
PK Defense
1 - 52% - 60% - 4:25
2 - 48% - 40% - 4:01
PK3 Forward
1 - 0% - 60%
2 - 0% - 40%
PK3 Defense
1 - 0% - 60%
2 - 0% - 40%
44 Forward
1 - 0% - 60%
2 - 0% - 40%
44 Defense
1 - 0% - 60%
2 - 0% - 40%
Last Minute Offensive - 0:00
Last Minute Defensive - 0:00
Total
Forward - 60:00
Defense - 60:00
|
% Time on Ice - Wranglers
Lines # - Real PCT - Wanted PCT - Time Play
Normal Forward
1 - 36% - 40% - 16:37
2 - 27% - 30% - 12:09
3 - 21% - 20% - 9:27
4 - 16% - 10% - 7:24
Normal Defense
1 - 41% - 40% - 18:33
2 - 31% - 30% - 14:19
3 - 21% - 20% - 9:48
4 - 6% - 10% - 2:57
PP Forward
1 - 58% - 60% - 4:54
2 - 42% - 40% - 3:32
PP Defense
1 - 60% - 60% - 5:02
2 - 40% - 40% - 3:24
PK Forward
1 - 79% - 60% - 4:41
2 - 21% - 40% - 1:16
PK Defense
1 - 74% - 60% - 4:23
2 - 26% - 40% - 1:34
PK3 Forward
1 - 0% - 60%
2 - 0% - 40%
PK3 Defense
1 - 0% - 60%
2 - 0% - 40%
44 Forward
1 - 0% - 60%
2 - 0% - 40%
44 Defense
1 - 0% - 60%
2 - 0% - 40%
Last Minute Offensive - 0:00
Last Minute Defensive - 0:00
Total
Forward - 60:00
Defense - 60:00
|
Play-by-Play
1st period
0:01 of 1st period - Dillon Dube wins face-off versus Nico Sturm in neutral zone.
0:04 of 1st period - Snap shot by Mikhail Grigorenko.
0:04 of 1st period - Stopped by Michael Hutchinson without a rebound.
0:05 of 1st period - Dillon Dube wins face-off versus Nico Sturm in Wranglers zone.
0:10 of 1st period - Snap shot by Jesse Puljujarvi.
0:10 of 1st period - Shot Misses the Net.
0:20 of 1st period - Jesse Puljujarvi is hit by Frank Corrado and loses puck.
0:51 of 1st period - Wrist shot by Jesper Bratt.
0:51 of 1st period - Deflect By Taylor Raddysh.
0:51 of 1st period - Shot Blocked by Calle Andersson.
0:51 of 1st period - Puck is out of play.
0:52 of 1st period - Andrew Poturalski wins face-off versus Ryan Donato in Icehogs zone.
1:27 of 1st period - Wrist shot by Petteri Lindbohm.
1:27 of 1st period - Deflect By Vladislav Kamenev.
1:27 of 1st period - Shot Blocked by Duncan Siemens.
1:27 of 1st period - Puck is out of play.
1:28 of 1st period - Nico Sturm wins face-off versus Dillon Dube in Icehogs zone.
1:39 of 1st period - Nico Sturm is hit by Dillon Dube and loses puck.
1:56 of 1st period - Wrist shot by Erik Brannstrom.
1:56 of 1st period - Stopped by Mackenzie Blackwood with a rebound.
2:57 of 1st period - Minor Penalty to Mike Reilly for Holding.
2:58 of 1st period - Nico Sturm wins face-off versus Mikhail Grigorenko in Icehogs zone.
3:10 of 1st period - Snap shot by Evgeny Svechnikov.
3:10 of 1st period - Goal by Evgeny Svechnikov - Icehogs : 0 - Wranglers : 1.
3:11 of 1st period - Nico Sturm wins face-off versus Dillon Dube in neutral zone.
3:22 of 1st period - Snap shot by Jesse Puljujarvi.
3:22 of 1st period - Stopped by Michael Hutchinson with a rebound.
3:34 of 1st period - Snap shot by Myles Bell.
3:34 of 1st period - Shot Blocked by Frank Corrado.
3:46 of 1st period - Wrist shot by Jesper Bratt.
3:46 of 1st period - Stopped by Mackenzie Blackwood with a rebound.
4:43 of 1st period - Off-side.
4:44 of 1st period - Ryan Spooner wins face-off versus Dillon Dube in neutral zone.
5:09 of 1st period - Nico Sturm is hit by Dave Bolland and loses puck.
6:46 of 1st period - Wrist shot by Ryan Donato.
6:46 of 1st period - Deflect By Taylor Raddysh.
6:46 of 1st period - Shot Misses the Net.
6:46 of 1st period - Puck is out of play.
6:47 of 1st period - Ryan Spooner wins face-off versus Dave Bolland in Icehogs zone.
7:04 of 1st period - Minor Penalty to Hudson Fasching for Tripping.
7:05 of 1st period - Nico Sturm wins face-off versus Mikhail Grigorenko in Icehogs zone.
7:15 of 1st period - Slapshot by Evgeny Svechnikov.
7:15 of 1st period - Shot Misses the Net.
9:04 of 1st period - Penalty to Hudson Fasching is over, Hudson Fasching is back on ice.
9:05 of 1st period - Backhand shot by Rasmus Andersson.
9:05 of 1st period - Stopped by Mackenzie Blackwood without a rebound.
9:06 of 1st period - Ryan Donato wins face-off versus Dave Bolland in Icehogs zone.
9:39 of 1st period - Snap shot by Vitali Kravtsov.
9:39 of 1st period - Shot Misses the Net.
9:41 of 1st period - Snap shot by Vitali Kravtsov.
9:41 of 1st period - Shot Misses the Net.
10:29 of 1st period - Wrist shot by Myles Bell.
10:29 of 1st period - Stopped by Michael Hutchinson without a rebound.
10:30 of 1st period - Nico Sturm wins face-off versus Dillon Dube in Wranglers zone.
10:38 of 1st period - Minor Penalty to Duncan Siemens for Hooking.
10:39 of 1st period - Mikhail Grigorenko wins face-off versus Nico Sturm in Icehogs zone.
10:55 of 1st period - Wrist shot by Peter Cehlarik.
10:55 of 1st period - Goal by Peter Cehlarik - Icehogs : 0 - Wranglers : 2.
10:56 of 1st period - Nico Sturm wins face-off versus Jesse Puljujarvi in neutral zone.
11:09 of 1st period - Backhand shot by Nico Sturm.
11:09 of 1st period - Goal by Nico Sturm - Icehogs : 0 - Wranglers : 3.
11:10 of 1st period - Evgeny Svechnikov wins face-off versus Jesse Puljujarvi in neutral zone.
11:19 of 1st period - Minor Penalty to Frank Corrado for Hooking.
11:20 of 1st period - Dillon Dube wins face-off versus Evgeny Svechnikov in Wranglers zone.
12:43 of 1st period - Dave Bolland is hit by Evgeny Svechnikov and loses puck.
13:15 of 1st period - Ryan Donato is hit by Duncan Siemens and loses puck.
13:19 of 1st period - Penalty to Frank Corrado is over, Frank Corrado is back on ice.
13:20 of 1st period - Slapshot by Michael Rasmussen.
13:20 of 1st period - Shot Blocked by Rasmus Andersson.
13:22 of 1st period - Snap shot by J.T. Brown.
13:22 of 1st period - Shot Blocked by Rasmus Andersson.
13:24 of 1st period - Backhand shot by J.T. Brown.
13:24 of 1st period - Stopped by Michael Hutchinson with a rebound.
13:26 of 1st period - Slapshot by Jeremy Davies.
13:26 of 1st period - Shot Misses the Net.
13:38 of 1st period - Snap shot by Kurtis Gabriel.
13:38 of 1st period - Stopped by Michael Hutchinson with a rebound.
14:41 of 1st period - Wrist shot by Mike Reilly.
14:41 of 1st period - Shot Blocked by Dominik Masin.
15:00 of 1st period - Patrick Sieloff is hit by Ryan Spooner.
15:57 of 1st period - Snap shot by Jesse Puljujarvi.
15:57 of 1st period - Shot Blocked by Erik Brannstrom.
15:59 of 1st period - Minor Penalty to Vitali Kravtsov for Tripping.
16:00 of 1st period - Evgeny Svechnikov wins face-off versus Dillon Dube in Wranglers zone.
16:25 of 1st period - Hudson Fasching is hit by Frank Corrado and loses puck.
17:59 of 1st period - Penalty to Vitali Kravtsov is over, Vitali Kravtsov is back on ice.
18:09 of 1st period - Wrist shot by Jesper Bratt.
18:09 of 1st period - Stopped by Mackenzie Blackwood without a rebound.
18:10 of 1st period - Vladislav Kamenev wins face-off versus Andrew Poturalski in Icehogs zone.
18:35 of 1st period - Brandon Hickey is hit by Duncan Siemens and loses puck.
18:59 of 1st period - Snap shot by Kurtis Gabriel.
18:59 of 1st period - Stopped by Michael Hutchinson without a rebound.
19:00 of 1st period - Ryan Spooner wins face-off versus Maxim Letunov in Wranglers zone.
19:27 of 1st period - Icing by Evgeny Svechnikov.
19:28 of 1st period - Nico Sturm wins face-off versus Jesse Puljujarvi in Wranglers zone.
19:52 of 1st period - Snap shot by Evgeny Svechnikov.
19:52 of 1st period - Stopped by Mackenzie Blackwood without a rebound.
19:53 of 1st period - Jesper Bratt wins face-off versus Dave Bolland in Icehogs zone.
19:56 of 1st period - Wrist shot by Ryan Spooner.
19:56 of 1st period - Deflect By Jesper Bratt.
19:56 of 1st period - Stopped by Mackenzie Blackwood with a rebound.
Goals for this period are 0 for Icehogs vs 3 for Wranglers.
Shots for this period are 6 for Icehogs vs 9 for Wranglers.
2nd period
0:01 of 2nd period - Dillon Dube wins face-off versus Nico Sturm in neutral zone.
0:14 of 2nd period - Slapshot by Peter Cehlarik.
0:14 of 2nd period - Stopped by Mackenzie Blackwood without a rebound.
0:15 of 2nd period - Dave Bolland wins face-off versus Ryan Spooner in Icehogs zone.
0:24 of 2nd period - Wrist shot by Hudson Fasching.
0:24 of 2nd period - Stopped by Michael Hutchinson with a rebound.
0:26 of 2nd period - Slapshot by Dave Bolland.
0:26 of 2nd period - Goal by Dave Bolland - Icehogs : 1 - Wranglers : 3.
0:27 of 2nd period - Peter Cehlarik wins face-off versus Jesse Puljujarvi in neutral zone.
0:41 of 2nd period - Snap shot by Rasmus Andersson.
0:41 of 2nd period - Stopped by Mackenzie Blackwood with a rebound.
1:11 of 2nd period - Snap shot by Mikhail Grigorenko.
1:11 of 2nd period - Stopped by Michael Hutchinson with a rebound.
1:13 of 2nd period - Slapshot by Mike Reilly.
1:13 of 2nd period - Shot Misses the Net.
1:29 of 2nd period - Wrist shot by Taylor Raddysh.
1:29 of 2nd period - Shot Misses the Net.
1:31 of 2nd period - Slapshot by Petteri Lindbohm.
1:31 of 2nd period - Deflect By Taylor Raddysh.
1:31 of 2nd period - Stopped by Mackenzie Blackwood without a rebound.
1:32 of 2nd period - Dave Bolland wins face-off versus Nico Sturm in Icehogs zone.
2:03 of 2nd period - Off-side.
2:04 of 2nd period - Ryan Spooner wins face-off versus Andrew Poturalski in neutral zone.
2:26 of 2nd period - Snap shot by Michael Rasmussen.
2:26 of 2nd period - Deflect By J.T. Brown.
2:26 of 2nd period - Stopped by Michael Hutchinson with a rebound.
2:30 of 2nd period - Snap shot by Andrew Poturalski.
2:30 of 2nd period - Stopped by Michael Hutchinson with a rebound.
2:37 of 2nd period - Wrist shot by J.T. Brown.
2:37 of 2nd period - Deflect By Jesper Bratt.
2:37 of 2nd period - Stopped by Michael Hutchinson with a rebound.
2:39 of 2nd period - Snap shot by J.T. Brown.
2:39 of 2nd period - Stopped by Michael Hutchinson with a rebound.
3:09 of 2nd period - Snap shot by Erik Brannstrom.
3:09 of 2nd period - Stopped by Mackenzie Blackwood without a rebound.
3:10 of 2nd period - Nico Sturm wins face-off versus Dillon Dube in Icehogs zone.
3:42 of 2nd period - Nikita Scherbak is hit by Ryan Donato.
4:01 of 2nd period - Maxim Letunov is hit by Vitali Kravtsov and loses puck.
4:23 of 2nd period - Eric Karlsson is hit by Hudson Fasching and loses puck.
5:18 of 2nd period - Snap shot by Erik Brannstrom.
5:18 of 2nd period - Stopped by Mackenzie Blackwood without a rebound.
5:19 of 2nd period - Ryan Spooner wins face-off versus Maxim Letunov in Icehogs zone.
5:34 of 2nd period - Slapshot by Jeremy Davies.
5:34 of 2nd period - Deflect By Ryan Spooner.
5:34 of 2nd period - Stopped by Michael Hutchinson with a rebound.
5:44 of 2nd period - Zach Whitecloud is hit by Evgeny Svechnikov and loses puck.
5:52 of 2nd period - Icing by Duncan Siemens.
5:53 of 2nd period - Dillon Dube wins face-off versus Nico Sturm in Icehogs zone.
6:19 of 2nd period - Backhand shot by Jesse Puljujarvi.
6:19 of 2nd period - Deflect By Brandon Hickey.
6:19 of 2nd period - Shot Blocked by Brandon Hickey.
6:19 of 2nd period - Puck is out of play.
6:20 of 2nd period - Dave Bolland wins face-off versus Ryan Donato in Wranglers zone.
6:21 of 2nd period - Snap shot by Hudson Fasching.
6:21 of 2nd period - Deflect By Dave Bolland.
6:21 of 2nd period - Stopped by Michael Hutchinson without a rebound.
6:22 of 2nd period - Ryan Donato wins face-off versus Dave Bolland in Wranglers zone.
6:36 of 2nd period - Off-side.
6:37 of 2nd period - Dillon Dube wins face-off versus Nico Sturm in neutral zone.
6:48 of 2nd period - Snap shot by Mikhail Grigorenko.
6:48 of 2nd period - Shot Blocked by Rasmus Andersson.
7:08 of 2nd period - Snap shot by Hudson Fasching.
7:08 of 2nd period - Shot Misses the Net.
7:26 of 2nd period - Slapshot by Mike Reilly.
7:26 of 2nd period - Deflect By J.T. Brown.
7:26 of 2nd period - Shot Misses the Net.
7:26 of 2nd period - Puck is out of play.
7:27 of 2nd period - Michael Rasmussen wins face-off versus Ryan Donato in Wranglers zone.
7:41 of 2nd period - Petteri Lindbohm is hit by Andrew Poturalski.
7:51 of 2nd period - Snap shot by Ryan Donato.
7:51 of 2nd period - Shot Misses the Net.
7:53 of 2nd period - Slapshot by Petteri Lindbohm.
7:53 of 2nd period - Shot Misses the Net.
7:55 of 2nd period - Wrist shot by Dominik Masin.
7:55 of 2nd period - Stopped by Mackenzie Blackwood with a rebound.
7:57 of 2nd period - Slapshot by Dominik Masin.
7:57 of 2nd period - Stopped by Mackenzie Blackwood with a rebound.
7:59 of 2nd period - Wrist shot by Eric Karlsson.
7:59 of 2nd period - Stopped by Mackenzie Blackwood with a rebound.
8:01 of 2nd period - Slapshot by Dominik Masin.
8:01 of 2nd period - Shot Hit the Post.
8:03 of 2nd period - Wrist shot by Eric Karlsson.
8:03 of 2nd period - Stopped by Mackenzie Blackwood without a rebound.
8:04 of 2nd period - Dillon Dube wins face-off versus Nico Sturm in Icehogs zone.
8:04 of 2nd period - Dillon Dube is hit by Peter Cehlarik.
9:16 of 2nd period - J.T. Brown is hit by Nico Sturm and loses puck.
9:34 of 2nd period - Off-side.
9:35 of 2nd period - Dillon Dube wins face-off versus Ryan Spooner in neutral zone.
9:38 of 2nd period - Slapshot by Mikhail Grigorenko.
9:38 of 2nd period - Stopped by Michael Hutchinson with a rebound.
9:40 of 2nd period - Slapshot by Mike Reilly.
9:40 of 2nd period - Shot Misses the Net.
9:52 of 2nd period - Jesse Puljujarvi is hit by Erik Brannstrom and loses puck.
9:59 of 2nd period - Jesper Bratt is hit by Dillon Dube and loses puck.
11:12 of 2nd period - Snap shot by Ryan Spooner.
11:12 of 2nd period - Shot Misses the Net.
11:24 of 2nd period - Wrist shot by Ryan Spooner.
11:24 of 2nd period - Shot Misses the Net.
11:26 of 2nd period - Slapshot by Petteri Lindbohm.
11:26 of 2nd period - Stopped by Mackenzie Blackwood without a rebound.
11:27 of 2nd period - Nico Sturm wins face-off versus Myles Bell in Icehogs zone.
12:33 of 2nd period - Off-side.
12:34 of 2nd period - Nico Sturm wins face-off versus Dave Bolland in neutral zone.
13:01 of 2nd period - Andrew Poturalski is hit by Brandon Hickey.
13:09 of 2nd period - Snap shot by Eric Karlsson.
13:09 of 2nd period - Stopped by Mackenzie Blackwood with a rebound.
13:11 of 2nd period - Slapshot by Taylor Raddysh.
13:11 of 2nd period - Stopped by Mackenzie Blackwood with a rebound.
14:16 of 2nd period - Icing by Mike Reilly.
14:17 of 2nd period - Vladislav Kamenev wins face-off versus Dave Bolland in Icehogs zone.
14:18 of 2nd period - Wrist shot by Tage Thompson.
14:18 of 2nd period - Shot Misses the Net.
14:46 of 2nd period - Snap shot by Jesse Puljujarvi.
14:46 of 2nd period - Shot Blocked by Frank Corrado.
14:48 of 2nd period - Slapshot by Dillon Dube.
14:48 of 2nd period - Stopped by Michael Hutchinson with a rebound.
16:34 of 2nd period - Wrist shot by Erik Brannstrom.
16:34 of 2nd period - Goal by Erik Brannstrom - Icehogs : 1 - Wranglers : 4.
16:35 of 2nd period - Mikhail Grigorenko wins face-off versus Nico Sturm in neutral zone.
18:06 of 2nd period - Snap shot by Kurtis Gabriel.
18:06 of 2nd period - Stopped by Michael Hutchinson with a rebound.
18:45 of 2nd period - Slapshot by Duncan Siemens.
18:45 of 2nd period - Shot Blocked by Ryan Donato.
18:51 of 2nd period - Calle Andersson is hit by Eric Karlsson and loses puck.
19:13 of 2nd period - Slapshot by Rasmus Andersson.
19:13 of 2nd period - Shot Misses the Net.
19:33 of 2nd period - Zach Whitecloud is hit by Evgeny Svechnikov and loses puck.
19:41 of 2nd period - Minor Penalty to Nikita Scherbak for Roughing.
19:42 of 2nd period - Nico Sturm wins face-off versus Mikhail Grigorenko in Icehogs zone.
Goals for this period are 1 for Icehogs vs 1 for Wranglers.
Shots for this period are 12 for Icehogs vs 13 for Wranglers.
3rd period
0:01 of 3rd period - Mikhail Grigorenko wins face-off versus Nico Sturm in neutral zone.
1:01 of 3rd period - Michael Rasmussen is hit by Jesper Bratt and loses puck.
1:12 of 3rd period - Christian Jaros is hit by Duncan Siemens and loses puck.
1:41 of 3rd period - Penalty to Nikita Scherbak is over, Nikita Scherbak is back on ice.
1:59 of 3rd period - Snap shot by Evgeny Svechnikov.
1:59 of 3rd period - Stopped by Mackenzie Blackwood without a rebound.
2:00 of 3rd period - Maxim Letunov wins face-off versus Ryan Spooner in Icehogs zone.
2:13 of 3rd period - Wrist shot by Kurtis Gabriel.
2:13 of 3rd period - Shot Misses the Net.
2:23 of 3rd period - Eric Karlsson is hit by Zach Whitecloud and loses puck.
2:46 of 3rd period - Calle Andersson is hit by Vitali Kravtsov and loses puck.
3:10 of 3rd period - Jesse Puljujarvi is hit by Rasmus Andersson and loses puck.
3:28 of 3rd period - Dillon Dube is hit by Ryan Donato and loses puck.
4:20 of 3rd period - Dave Bolland is hit by Brandon Hickey and loses puck.
4:51 of 3rd period - Snap shot by Myles Bell.
4:51 of 3rd period - Shot Misses the Net.
5:00 of 3rd period - Minor Penalty to Hudson Fasching for Hooking.
5:01 of 3rd period - Mikhail Grigorenko wins face-off versus Ryan Spooner in Icehogs zone.
5:17 of 3rd period - Slapshot by Rasmus Andersson.
5:17 of 3rd period - Stopped by Mackenzie Blackwood without a rebound.
5:18 of 3rd period - Ryan Spooner wins face-off versus Mikhail Grigorenko in Icehogs zone.
5:29 of 3rd period - Snap shot by Erik Brannstrom.
5:29 of 3rd period - Shot Blocked by Mike Reilly.
7:00 of 3rd period - Penalty to Hudson Fasching is over, Hudson Fasching is back on ice.
7:18 of 3rd period - Slapshot by Rasmus Andersson.
7:18 of 3rd period - Stopped by Mackenzie Blackwood with a rebound.
7:20 of 3rd period - Snap shot by Frank Corrado.
7:20 of 3rd period - Stopped by Mackenzie Blackwood with a rebound.
7:55 of 3rd period - Icing by Mike Reilly.
7:56 of 3rd period - Maxim Letunov wins face-off versus Nico Sturm in Icehogs zone.
8:23 of 3rd period - Snap shot by Jesper Bratt.
8:23 of 3rd period - Shot Misses the Net.
8:33 of 3rd period - Wrist shot by J.T. Brown.
8:33 of 3rd period - Shot Blocked by Ryan Donato.
8:35 of 3rd period - Slapshot by Mike Reilly.
8:35 of 3rd period - Shot Misses the Net.
8:37 of 3rd period - Snap shot by Andrew Poturalski.
8:37 of 3rd period - Stopped by Michael Hutchinson without a rebound.
8:38 of 3rd period - Andrew Poturalski wins face-off versus Nico Sturm in Wranglers zone.
8:39 of 3rd period - Snap shot by J.T. Brown.
8:39 of 3rd period - Shot Misses the Net.
9:12 of 3rd period - Wrist shot by Jesse Puljujarvi.
9:12 of 3rd period - Goal by Jesse Puljujarvi - Icehogs : 2 - Wranglers : 4.
9:13 of 3rd period - Nico Sturm wins face-off versus Dillon Dube in neutral zone.
9:27 of 3rd period - Minor Penalty to Patrick Sieloff for Hooking.
9:28 of 3rd period - Mikhail Grigorenko wins face-off versus Evgeny Svechnikov in Icehogs zone.
10:00 of 3rd period - Slapshot by Frank Corrado.
10:00 of 3rd period - Shot Misses the Net.
10:02 of 3rd period - Snap shot by Jesper Bratt.
10:02 of 3rd period - Shot Misses the Net.
10:04 of 3rd period - Snap shot by Rasmus Andersson.
10:04 of 3rd period - Shot Blocked by Mike Reilly.
11:27 of 3rd period - Penalty to Patrick Sieloff is over, Patrick Sieloff is back on ice.
11:38 of 3rd period - Wrist shot by Hudson Fasching.
11:38 of 3rd period - Stopped by Michael Hutchinson without a rebound.
11:39 of 3rd period - Ryan Donato wins face-off versus Hudson Fasching in Wranglers zone.
11:48 of 3rd period - Snap shot by Eric Karlsson.
11:48 of 3rd period - Stopped by Mackenzie Blackwood without a rebound.
11:49 of 3rd period - Ryan Donato wins face-off versus Dillon Dube in Icehogs zone.
11:52 of 3rd period - Wrist shot by Ryan Donato.
11:52 of 3rd period - Shot Misses the Net.
11:58 of 3rd period - Snap shot by Eric Karlsson.
11:58 of 3rd period - Stopped by Mackenzie Blackwood with a rebound.
12:55 of 3rd period - Zach Whitecloud is hit by Vitali Kravtsov and loses puck.
13:18 of 3rd period - Slapshot by Eric Karlsson.
13:18 of 3rd period - Stopped by Mackenzie Blackwood without a rebound.
13:19 of 3rd period - Nico Sturm wins face-off versus Jesse Puljujarvi in Icehogs zone.
13:20 of 3rd period - Wrist shot by Peter Cehlarik.
13:20 of 3rd period - Stopped by Mackenzie Blackwood without a rebound.
13:21 of 3rd period - Nico Sturm wins face-off versus Dillon Dube in Icehogs zone.
13:31 of 3rd period - Snap shot by Duncan Siemens.
13:31 of 3rd period - Stopped by Michael Hutchinson with a rebound.
13:51 of 3rd period - Snap shot by Erik Brannstrom.
13:51 of 3rd period - Shot Blocked by Dave Bolland.
14:34 of 3rd period - Snap shot by Patrick Sieloff.
14:34 of 3rd period - Stopped by Michael Hutchinson with a rebound.
14:36 of 3rd period - Snap shot by Mikhail Grigorenko.
14:36 of 3rd period - Shot Misses the Net.
14:38 of 3rd period - Slapshot by Patrick Sieloff.
14:38 of 3rd period - Shot Misses the Net.
14:40 of 3rd period - Wrist shot by Jesse Puljujarvi.
14:40 of 3rd period - Shot Misses the Net.
15:24 of 3rd period - Snap shot by Taylor Raddysh.
15:24 of 3rd period - Shot Misses the Net.
15:26 of 3rd period - Wrist shot by Taylor Raddysh.
15:26 of 3rd period - Stopped by Mackenzie Blackwood without a rebound.
15:27 of 3rd period - Ryan Donato wins face-off versus Maxim Letunov in Icehogs zone.
15:28 of 3rd period - Backhand shot by Taylor Raddysh.
15:28 of 3rd period - Shot Blocked by Maxim Letunov.
15:38 of 3rd period - Slapshot by Brandon Hickey.
15:38 of 3rd period - Stopped by Mackenzie Blackwood without a rebound.
15:39 of 3rd period - Ryan Donato wins face-off versus J.T. Brown in Icehogs zone.
15:40 of 3rd period - Snap shot by Rasmus Andersson.
15:40 of 3rd period - Stopped by Mackenzie Blackwood with a rebound.
16:10 of 3rd period - Wrist shot by Jesse Puljujarvi.
16:10 of 3rd period - Stopped by Michael Hutchinson with a rebound.
16:14 of 3rd period - Snap shot by Mikhail Grigorenko.
16:14 of 3rd period - Shot Misses the Net.
16:16 of 3rd period - Wrist shot by Mikhail Grigorenko.
16:16 of 3rd period - Stopped by Michael Hutchinson without a rebound.
16:17 of 3rd period - Dave Bolland wins face-off versus Ryan Donato in Wranglers zone.
16:25 of 3rd period - Minor Penalty to Taylor Raddysh for Tripping.
16:26 of 3rd period - Mikhail Grigorenko wins face-off versus Evgeny Svechnikov in Wranglers zone.
16:26 of 3rd period - Slapshot by Dillon Dube.
16:26 of 3rd period - Shot Blocked by Frank Corrado.
16:28 of 3rd period - Slapshot by Mike Reilly.
16:28 of 3rd period - Stopped by Michael Hutchinson with a rebound.
16:30 of 3rd period - Snap shot by Patrick Sieloff.
16:30 of 3rd period - Deflect By Frank Corrado.
16:30 of 3rd period - Stopped by Michael Hutchinson with a rebound.
16:36 of 3rd period - Snap shot by Jesse Puljujarvi.
16:36 of 3rd period - Shot Blocked by Rasmus Andersson.
16:38 of 3rd period - Slapshot by Patrick Sieloff.
16:38 of 3rd period - Stopped by Michael Hutchinson without a rebound.
16:39 of 3rd period - Mikhail Grigorenko wins face-off versus Evgeny Svechnikov in Wranglers zone.
16:52 of 3rd period - Snap shot by Patrick Sieloff.
16:52 of 3rd period - Stopped by Michael Hutchinson with a rebound.
16:54 of 3rd period - Snap shot by Mike Reilly.
16:54 of 3rd period - Shot Blocked by Frank Corrado.
18:24 of 3rd period - Icing by Patrick Sieloff.
18:25 of 3rd period - Penalty to Taylor Raddysh is over, Taylor Raddysh is back on ice.
18:25 of 3rd period - Dillon Dube wins face-off versus Ryan Spooner in Icehogs zone.
19:09 of 3rd period - Christian Jaros is hit by Andrew Poturalski and loses puck.
Goals for this period are 1 for Icehogs vs 0 for Wranglers.
Shots for this period are 11 for Icehogs vs 11 for Wranglers.